 Dungeon Crawl Stone Soup version 0.29.0-5-ge4962eb29e (webtiles) character file.

Game seed: 17716215786026346808

163 Renzlar the Shield-Bearer (level 5, -2/47 HPs)
             Began as a Gnoll Fighter on Aug 30, 2022.
             Killed from afar by an orc wizard (9 damage)
             ... with a puff of flame
             ... on level 4 of the Dungeon.
             The game lasted 00:07:48 (2681 turns).

Renzlar the Shield-Bearer (Gnoll Fighter)           Turns: 2681, Time: 00:07:49

Health: -2/47      AC:  7    Str: 17    XL:     5   Next: 44%
Magic:  7/7        EV:  9    Int:  8    God:
Gold:   138        SH:  5    Dex: 11    Spells: 7/7 levels left

rFire   . . .      SeeInvis .   a - +0 war axe
rCold   . . .      Faith    .   k - +0 buckler
rNeg    . . .      Spirit   .   b - +0 scale mail
rPois   .          Reflect  .   (no helmet)
rElec   .          Harm     .   (no cloak)
rCorr   +          Rampage  .   (no gloves)
Will    .....                   (no boots)
Stlth   ..........              (no amulet)
HPRegen 0.15/turn               i - ring of resist corrosion
MPRegen 0.10/turn               (no ring)

@: no status effects
A: fangs 1, strong nose, distributed training
a: no special abilities


You were on level 4 of the Dungeon.
You visited 1 branch of the dungeon, and saw 4 of its levels.

You collected 138 gold pieces.

Inventory:

Hand Weapons
 a - a +0 war axe (weapon)
 c - a +0 sling
 g - a +2 dagger of venom
 n - a +0 morningstar
Armour
 b - a +0 scale mail (worn)
 k - a +0 buckler (worn)
Jewellery
 f - a ring of protection from fire
 i - a ring of resist corrosion (left hand)
Wands
 o - a wand of digging (6)
Scrolls
 e - a scroll of poison
 h - 2 scrolls of teleportation
 l - 2 scrolls of fear
 m - a scroll of identify
Potions
 d - a potion of might
 j - 2 potions of curing


   Skills:
 + Level 6.7 Fighting
 + Level 1.5 Short Blades
 + Level 1.5 Long Blades
 + Level 4.8 Axes
 + Level 1.5 Maces & Flails
 + Level 1.5 Polearms
 + Level 1.5 Staves
 + Level 1.5 Ranged Weapons
 + Level 1.5 Throwing
 + Level 6.7 Armour
 + Level 1.5 Dodging
 + Level 1.5 Stealth
 + Level 6.7 Shields
 + Level 1.5 Unarmed Combat
 + Level 1.5 Spellcasting
 + Level 1.2 Conjurations
 + Level 1.2 Hexes
 + Level 1.2 Summonings
 + Level 1.2 Necromancy
 + Level 1.2 Translocations
 + Level 1.2 Transmutations
 + Level 1.2 Fire Magic
 + Level 1.2 Ice Magic
 + Level 1.2 Air Magic
 + Level 1.2 Earth Magic
 + Level 1.2 Poison Magic
 + Level 1.7 Invocations
 + Level 1.5 Evocations


You had 7 spell levels left.
You didn't know any spells.
Your spell library contained the following spells:

 Spells                   Type           Power      Damage    Failure   Level
 Call Canine Familiar     Summ           2%         N/A       95%         3
 Gell's Gravitas          Tloc           2%         N/A       95%         3
 Lesser Beckoning         Tloc           2%         N/A       95%         3
 Portal Projectile        Hex/Tloc       4%         N/A       95%         3
 Teleport Other           Tloc           2%         N/A       95%         3
 Leda's Liquefaction      Hex/Erth       1%         N/A       100%        4


Dungeon Overview and Level Annotations

Branches:
Dungeon (4/15)
 Temple: D:4-7

Altars:
Fedhas


Innate Abilities, Weirdness & Mutations

You have very sharp teeth.
Your uncanny sense of smell can sniff out nearby items.
Your experience applies equally to all skills.


Message History

The orc is heavily wounded.
The orc shouts!
You block the orc's attack.
The orc wizard mumbles some strange words.
The orc wizard flickers and vanishes!
Deactivating autopickup; reactivate with Ctrl-A.
You hit the orc.
You kill the orc!
The orc throws a boomerang.
You block the boomerang.
You hear some strange, mumbled words.
Something tries to affect you, but you resist.
You barely miss something. You block something's attack.
You hear some strange, mumbled words.
You are confused.
You bump into the rock wall.
Something hits you but does no damage.
You hit something. Something hits you but does no damage.
You bump into the rock wall.
You hear some strange, mumbled words.
A puff of flame appears from out of thin air!
The puff of flame hits you.
You bump into the rock wall.
Something hits you.
You closely miss something. Your bite misses something. Something hits you.
You completely miss something.
You feel less confused.
You hear some strange, mumbled words.
A puff of flame appears from out of thin air!
The puff of flame hits you.
* * * LOW HITPOINT WARNING * * *
Something hits you.
* * * LOW HITPOINT WARNING * * *
Something hits you.
* * * LOW HITPOINT WARNING * * *
You hear some strange, mumbled words.
You closely miss something. Something hits you but does no damage.
You closely miss something. Something hits you but does no damage.
You miss something.
You hear some strange, mumbled words. x2
A puff of flame appears from out of thin air!
The puff of flame hits you!
You die...

.. #o .o ##. .. .
#. .._
...###.######.....
)......o{{@....#
..o.....o####..#
...............#
................
..........###.#.
...##...... .. ...
#n....## #.
....#.# ..##. ..


You could see 2 orcs.

Vanquished Creatures
  2 orc wizards
  4 adders
  2 worms (D:2)
  A dart slug (D:1)
  7 orcs
  7 ball pythons
  4 bats
  7 endoplasms
  3 giant cockroaches
  5 hobgoblins
  4 jackals (D:2)
  3 quokkas
  2 frilled lizards
  4 goblins
  5 kobolds
  A rat (D:1)
61 creatures vanquished.

Notes
Turn   | Place    | Note
-------+----------+-------------------------------------------
     0 | D:1      | Renzlar the Gnoll Fighter began the quest for the Orb.
     0 | D:1      | Reached XP level 1. HP: 23/23 MP: 1/1
   103 | D:1      | Reached XP level 2. HP: 25/29 MP: 2/2
   296 | D:1      | Found a faded altar of an unknown god.
   556 | D:2      | Reached XP level 3. HP: 32/35 MP: 2/4
   592 | D:2      | Reached skill level 1 in Invocations
   649 | D:2      | Reached skill level 1 in Short Blades
   649 | D:2      | Reached skill level 1 in Long Blades
   649 | D:2      | Reached skill level 1 in Maces & Flails
   649 | D:2      | Reached skill level 1 in Polearms
   649 | D:2      | Reached skill level 1 in Staves
   649 | D:2      | Reached skill level 1 in Ranged Weapons
   649 | D:2      | Reached skill level 1 in Throwing
   649 | D:2      | Reached skill level 1 in Dodging
   649 | D:2      | Reached skill level 1 in Stealth
   649 | D:2      | Reached skill level 1 in Unarmed Combat
   649 | D:2      | Reached skill level 1 in Spellcasting
   649 | D:2      | Reached skill level 1 in Evocations
   811 | D:2      | Reached XP level 4. HP: 41/41 MP: 5/5
   844 | D:2      | Identified the +1 quarterstaff "Tokka" {vorpal, +Blink rN++
                  | Str+4 Int-2}
  1400 | D:3      | Reached skill level 1 in Conjurations
  1400 | D:3      | Reached skill level 1 in Hexes
  1400 | D:3      | Reached skill level 1 in Summonings
  1400 | D:3      | Reached skill level 1 in Necromancy
  1400 | D:3      | Reached skill level 1 in Translocations
  1400 | D:3      | Reached skill level 1 in Transmutations
  1400 | D:3      | Reached skill level 1 in Fire Magic
  1400 | D:3      | Reached skill level 1 in Ice Magic
  1400 | D:3      | Reached skill level 1 in Air Magic
  1400 | D:3      | Reached skill level 1 in Earth Magic
  1400 | D:3      | Reached skill level 1 in Poison Magic
  1725 | D:3      | Reached XP level 5. HP: 44/47 MP: 5/7
  2668 | D:4      | Found a blossoming altar of Fedhas.
  2681 | D:4      | Killed from afar by an orc wizard

Illustrated notes

Levels and vault maps discovered:
D:1:      dpeg_arrival_simpleton_c, layout_rooms,
          dreamdust_ecumenical_altar_angels_and_demons
D:2:      layout_rooms, minmay_crystal_room, grunt_decor_arrowhead,
          chequers_serial_rivers_micro_d, minmay_pentomino_u4
D:3:      mumra_celtic_spiral_tile, layout_basic, nicolae_figureground_pulse
D:4:      layout_basic, demons_altar, grunt_temple_overflow_open, serial_glass,
          glass_columns_c, glass_columns_c, enter_ossuary_4

Skill      XL: |  1  2  3  4 |
---------------+-------------+-----
Invocations    | 1 |  1.7
Short Blades   | 1 |  1.5
Long Blades    | 1 |  1.5
Maces & Flails | 1 |  1.5
Polearms       | 1 |  1.5
Staves         | 1 |  1.5
Ranged Weapons | 1 |  1.5
Throwing       | 1 |  1.5
Dodging        | 1 |  1.5
Stealth        | 1 |  1.5
Unarmed Combat | 1 |  1.5
Spellcasting   | 1 |  1.5
Evocations     | 1 |  1.5
Conjurations   | 1 |  1.2
Hexes          | 1 |  1.2
Summonings     | 1 |  1.2
Necromancy     | 1 |  1.2
Translocations | 1 |  1.2
Transmutations | 1 |  1.2
Fire Magic     | 1 |  1.2
Ice Magic      | 1 |  1.2
Air Magic      | 1 |  1.2
Earth Magic    | 1 |  1.2
Poison Magic   | 1 |  1.2
Fighting       | |  6.7
Axes           | |  4.8
Armour         | |  6.7
Shields        | |  6.7

Action                   |  1- 3 |  4- 6 || total
-------------------------+-------+-------++-------
Melee: War axe           |    68 |    75 ||   143
       Bite              |     7 |       ||     7
 Fire: Sling             |    18 |    40 ||    58
  Use: Scroll            |     3 |     6 ||     9
Armor: Scale mail        |    27 |    31 ||    58
Dodge: Dodged            |    26 |    23 ||    49
Block: Buckler           |    18 |    18 ||    36
